 Dungeon Crawl Stone Soup version 0.19-a0-1193-g2641e52 (webtiles) character file.

41938 jacquesderrida the Fencer (level 14, -7/77 HPs)
             Began as a Vine Stalker Wanderer on Aug 19, 2016.
             Was the Champion of Okawaru.
             Drowned by a drowned soul (12 damage)
             ... summoned by a merfolk avatar
             ... on level 6 of the Lair of Beasts.
             The game lasted 00:53:50 (8670 turns).

jacquesderrida the Fencer (Vine Stalker Wanderer)   Turns: 8670, Time: 00:53:51

Health: -7/77      AC: 23    Str: 17    XL:     14   Next: 17%
Magic:  0/19       EV: 23    Int: 14    God:    Okawaru [******]
Gold:   882        SH:  0    Dex: 17    Spells: 0 memorised, 13 levels left

rFire  + + .     SeeInvis .     a - +6 triple sword (protect)
rCold  . . .     Gourm    .     T - +2 scale mail {rF+}
rNeg   . . .     Faith    .     (shield currently unavailable)
rPois  .         Spirit   +     (helmet restricted)
rElec  .         Dismiss  .     R - +1 cloak {rF+}
rCorr  .         Reflect  .     X - +2 pair of gloves
MR     +....     Harm     .     x - +0 pair of boots
Stlth  +.........               (no amulet)
                                m - +3 ring of slaying
                                K - +5 ring of evasion

@: about to teleport, heroism, mesmerised
A: fangs 3, horns 1, clever 1, regeneration 3, magic shield, antimagic bite, no
device heal 3, rot immunity
a: Heroism, Finesse, Renounce Religion


You were on level 6 of the Lair of Beasts.
You worshipped Okawaru.
Okawaru was exalted by your worship.
You were not hungry.

You visited 3 branches of the dungeon, and saw 21 of its levels.
You also visited: Volcano.

You collected 933 gold pieces.
You spent 51 gold pieces at shops.

Inventory:

Hand Weapons
 a - a +6 triple sword of protection (weapon)
 E - the +5 longbow of Overwhelming Force {venom, rElec Int+6 Dex+3 SInv}
   (You found it on level 11 of the Dungeon)

   It poisons the ammo it fires.
   It affects your intelligence (+6).
   It affects your dexterity (+3).
   It insulates you from electricity.
   It lets you see invisible.
 I - a +1 scimitar
Missiles
 B - 8 javelins (quivered)
Armour
 g - the +2 robe "Wysuoc" {Dex+10, unknown}
   (You found it on level 10 of the Dungeon)

   It affects your dexterity (+10).
 o - a +0 ring mail of cold resistance
 x - a +0 pair of boots (worn)
 Q - a +1 helmet of see invisible
 R - a +1 cloak of fire resistance (worn)
 T - a +2 scale mail of fire resistance (worn)
 X - a +2 pair of gloves (worn)
Rods
 A - a +1 rod of inaccuracy (12/12)
   (You found it on level 8 of the Dungeon)
Jewellery
 e - an uncursed ring of fire
 h - an uncursed ring of protection from magic
 i - an uncursed ring of positive energy {unknown}
 m - a +3 ring of slaying (right hand)
 n - a +4 ring of intelligence
 K - a +5 ring of evasion (left hand)
Wands
 k - a wand of teleportation (5/9)
 s - a wand of iceblast (8/15)
 u - a wand of disintegration (9/24)
 w - a wand of disintegration (4/24)
 z - a wand of acid (2/15)
 G - a wand of confusion (32/48)
 J - a wand of digging (11/24)
 N - a wand of disintegration (7/24)
Scrolls
 q - a scroll of teleportation
 v - a scroll of identify
 y - 3 scrolls of fear
 C - a scroll of blinking
 D - a scroll of remove curse
 F - a scroll of enchant armour
 L - a scroll of recharging
 O - a scroll of amnesia
 S - a scroll of magic mapping
 U - a scroll of enchant weapon
Potions
 b - 5 potions of curing
 j - a potion of might
 l - 2 potions of magic
 p - 3 potions of agility
 t - 4 potions of brilliance
 P - 2 potions of resistance
Books
 f - a book of Alchemy

   Spells                             Type                      Level
   a - Sublimation of Blood           Necromancy                   2
   b - Ignite Poison                  Fire/Transmutation/Poison    3
   c - Petrify                        Transmutation/Earth          4
   d - Alistair's Intoxication        Transmutation/Poison         5
   e - Irradiate                      Conjuration/Transmutation    5
 r - a book of the Dragon

   Spells                             Type                      Level
   a - Flame Tongue                   Conjuration/Fire             1
   b - Cause Fear                     Hexes                        4
   c - Bolt of Fire                   Conjuration/Fire             6
   d - Dragon Form                    Transmutation                7
   e - Dragon's Call                  Summoning                    9
 W - a book of Cantrips

   Spells                             Type                      Level
   a - Confusing Touch                Hexes                        1
   b - Animate Skeleton               Necromancy                   1
   c - Summon Small Mammal            Summoning                    1
   d - Apportation                    Translocation                1
Comestibles
 c - 8 fruits
 d - 7 meat rations
 M - 2 beef jerkies


   Skills:
 + Level 10.4(15.4) Fighting
 * Level 15.4(20.4) Long Blades
 - Level 1.0(6.0) Throwing
 - Level 7.1(12.1) Armour
 - Level 7.2(12.2) Dodging
   Level 1.0(6.0) Shields
 - Level 5.6 Invocations


You had 13 spell levels left.
You didn't know any spells.

Dungeon Overview and Level Annotations

Branches:
Dungeon (14/15)            Temple (1/1) D:7            Lair (6/6) D:9
  Snake (0/4) Lair:3        Slime (0/5) Lair:6          Orc (0/2) D:9
  Swamp: Lair:2-4    Shoals: Lair:2-4    Vaults: D:13-14

Altars:
Cheibriados
Dithmenos
Elyvilon
Fedhas
Kikubaaqudgha
Okawaru
Ru
Sif Muna
Trog
Vehumet
Xom
Yredelemnul
Zin
The Shining One
Lugonu

Shops:
D:7 %   D:12 *

Annotations:
D:8 Gastronok


Innate Abilities, Weirdness & Mutations

You have razor-sharp teeth.
You regenerate.
When hurt, damage is shared between your health and your magic reserves.
Your bite disrupts and absorbs the magic of your enemies.
Potions and wands cannot restore your health.
You are immune to rotting.
You have a pair of small horns on your head.
Your mind is acute. (Int +2)


Message History

You can't see that place.
Okay, then.
Your unstable footing causes you to fumble your attack.
The merfolk avatar falters for a moment.
The drowned soul touches you. The drowned soul drowns you!
* * * LOW HITPOINT WARNING * * *
The drowned soul touches you. The drowned soul drowns you!
* * * LOW HITPOINT WARNING * * *
The merfolk avatar falters for a moment.
You see here a scroll of remove curse.
As you read the scroll of teleportation, it crumbles to dust.
You feel strangely unstable.
The merfolk avatar chants its luring song.
Unknown command.
The merfolk avatar chants its luring song.
You see here a crystal ball of energy.
Unknown command.
The merfolk avatar falters for a moment.
The drowned soul touches you. The drowned soul drowns you!
You die...

.## #≈.≈#≈≈#≈≈≈≈≈≈≈≈≈≈≈≈#≈≈##..PP
..###≈≈##≈≈#≈≈≈≈≈≈≈≈≈≈P≈#≈≈≈≈≈..P
......≈ ≈≈≈#≈≈≈≈≈#≈P≈P≈≈#≈≈≈P....
...... ≈≈≈≈######...#####≈≈≈≈.#..
##... #≈≈≈≈≈≈≈≈≈≈≈≈#≈≈P#....
.#.P.. #≈≈≈≈≈≈##≈≈≈≈#≈≈##...(
..#... #≈≈≈≈≈≈≈≈≈≈≈≈#≈≈≈≈....
...... P≈#≈≈P≈(?$≈≈≈≈≈#≈≈≈≈...†
...... ≈≈.≈≈#≈@≈≈$≈≈≈≈#≈≈#≈....
#P... #.≈≈≈≈WmW(≈≈≈≈#≈≈##..P.
##.#. ≈≈.≈#≈≈[?%(≈≈≈≈#≈≈≈≈≈... #
## ≈≈#≈≈≈≈≈≈≈≈≈≈≈≈#≈≈≈≈≈... ≈
#≈≈≈≈≈≈≈≈≈≈≈≈#≈≈##≈...
#≈≈≈≈≈≈≈≈≈≈≈8#≈≈##....
#####≈≈≈≈#####≈≈≈≈.#..
#8≈≈≈≈≈≈≈≈≈≈8#≈≈≈≈.#..
#≈≈≈≈≈≈≈≈≈≈≈≈#P≈##≈≈..


You could see a merfolk avatar and 2 drowned souls.

Vanquished Creatures
  A dire elephant (Lair:6)
  Josephine (Lair:6)
  Harold (D:12)
  A tengu warrior (D:12)
  4 death yaks (Lair:4)
  Nergalle (D:12)
  3 harpies (Lair:6)
  2 hill giants (D:10)
  2 cyclopes
  6 griffons (Lair:6)
  A manticore (Volcano)
  3 elephants
  12 spiny frogs
  3 torpor snails
  5 black mambas
  2 rime drakes (Lair:6)
  9 komodo dragons
  3 wind drakes (Lair:6)
  2 polar bears (Lair:6)
  4 trolls
  3 blink frogs (Lair:3)
  A two-headed ogre (D:7)
  Grinder (D:4)
  A boulder beetle (Lair:6)
  A shadow (D:11)
  6 wraiths
  34 yaks
  2 hippogriffs
  6 fire bats (Volcano)
  2 basilisks
  2 mottled dragons (Volcano)
  A hungry ghost (D:11)
  A swamp worm (Lair:4)
  10 water moccasins
  6 orc warriors
  The ghost of jacquesderrida the Slasher, an amateur VSWn (D:4)
  4 porcupines
  A sky beast (D:8)
  2 ice beasts
  A black bear (D:7)
  A wasp (Lair:6)
  An eye of draining (D:11)
  A phantom (D:3)
  2 necrophages
  A centaur (D:14)
  8 ogres
  5 wolves
  10 crocodiles
  2 big kobolds
  10 giant frogs
  A wyvern skeleton (D:14)
  A scorpion (D:6)
  16 killer bees
  An electric eel (Lair:3)
  9 howler monkeys
  8 crimson imps
  4 centaur zombies
  A quasit (D:7)
  A giant frog zombie (D:7)
  A giant frog skeleton (D:7)
  6 hounds
  7 orc priests
  3 jellies
  14 orc wizards
  5 iguanas
  6 worker ants
  11 sheep
  A hound skeleton (D:4)
  A killer bee simulacrum (D:9)
  9 adders
  21 river rats (Lair:5)
  A white imp (D:9)
  An adder zombie (D:5)
  An adder skeleton (D:6)
  5 worms (Lair:4)
  5 giant geckos
  54 orcs
  5 bats
  2 giant cockroaches
  5 goblins
  3 hobgoblins (D:3)
  9 jackals
  7 kobolds
  3 quokkas
  A giant cockroach zombie (D:5)
  4 giant newts
  A jackal zombie (D:8)
  3 rats
430 creatures vanquished.

Vanquished Creatures (others)
  3 fungi (Lair:6)
  9 plants
12 creatures vanquished.

Grand Total: 442 creatures vanquished

Notes
Turn   | Place    | Note
-------+----------+-------------------------------------------
     0 | D:1      | jacquesderrida the Vine Stalker Wanderer began the quest for the Orb.
     0 | D:1      | jacquesderrida set off with: a +2 falchion, a potion of curing, a potion of lignification, a +0 robe, a bread ration
     0 | D:1      | Reached XP level 1. HP: 12/12 MP: 2/2
   137 | D:1      | Reached skill level 2 in Long Blades
   164 | D:2      | Reached XP level 2. HP: 9/16 MP: 1/3
   283 | D:3      | Reached skill level 3 in Long Blades
   286 | D:3      | Reached XP level 3. HP: 18/20 MP: 4/4
   472 | D:4      | Noticed jacquesderrida's ghost (amateur VSWn)
   564 | D:3      | Reached skill level 4 in Long Blades
   564 | D:3      | Reached XP level 4. HP: 18/25 MP: 3/5
   697 | D:4      | Noticed a giant frog
   702 | D:4      | Killed a giant frog
   702 | D:4      | Reached XP level 5. HP: 15/28 MP: 4/6
   711 | D:4      | Noticed an ogre
   721 | D:3      | Reached skill level 5 in Long Blades
  1125 | D:4      | Noticed a phantom
  1144 | D:3      | Killed a phantom
  1144 | D:3      | Gained mutation: You heal very quickly. [Vine Stalker growth]
  1144 | D:3      | Reached XP level 6. HP: 27/32 MP: 7/7
  1160 | D:4      | Reached skill level 6 in Long Blades
  1218 | D:4      | Killed jacquesderrida's ghost
  1218 | D:4      | Reached XP level 7. HP: 35/36 MP: 8/8
  1220 | D:4      | Reached skill level 7 in Long Blades
  1227 | D:4      | Noticed Grinder
  1306 | D:4      | Paralysed by Grinder for 2 turns
  1318 | D:4      | Killed Grinder
  1346 | D:4      | Gained mutation: You have razor-sharp teeth. [Vine Stalker growth]
  1346 | D:4      | Reached XP level 8. HP: 35/41 MP: 7/9
  1421 | D:4      | Gained mutation: Your mind is acute. (Int +2) [potion of beneficial mutation]
  1426 | D:4      | Reached skill level 8 in Long Blades
  1480 | D:5      | Entered Level 5 of the Dungeon
  1492 | D:5      | Found a glowing silver altar of Zin.
  1583 | D:5      | Found a blossoming altar of Fedhas.
  1661 | D:5      | Found a bloodstained altar of Trog.
  2099 | D:6      | Found a shimmering altar of Xom.
  2099 | D:6      | Found a shimmering altar of Xom.
  2099 | D:6      | Found a shimmering altar of Xom.
  2099 | D:6      | Found a shimmering altar of Xom.
  2099 | D:6      | Found a shimmering altar of Xom.
  2099 | D:6      | Found a shimmering altar of Xom.
  2295 | D:7      | Reached skill level 9 in Long Blades
  2295 | D:7      | Reached XP level 9. HP: 44/44 MP: 10/10
  2462 | D:6      | You fall through a shaft!
  2506 | D:7      | Found a glowing golden altar of the Shining One.
  2508 | D:7      | Noticed an angel
  2517 | D:7      | Found a basalt altar of Yredelemnul.
  2519 | D:7      | Noticed a profane servitor
  2809 | D:7      | Found a staircase to the Ecumenical Temple.
  2831 | Temple   | Entered the Ecumenical Temple
  2937 | D:7      | Noticed a two-headed ogre
  2938 | D:7      | Found Ceon Jycs's Food Shoppe.
  2950 | D:7      | Killed a two-headed ogre
  3093 | D:8      | Noticed Gastronok
  3327 | D:8      | Reached skill level 10 in Long Blades
  3550 | D:8      | Identified a +1 rod of inaccuracy (12/12) (You found it on level 8 of the Dungeon)
  3732 | Temple   | Became a worshipper of Warmaster Okawaru
  3803 | D:9      | Noticed a hill giant
  3819 | D:8      | Reached XP level 10. HP: 39/49 MP: 8/11
  3931 | D:10     | Entered Level 10 of the Dungeon
  3931 | D:10     | Noticed a hill giant
  3944 | D:10     | Reached skill level 5 in Armour
  3949 | D:10     | Got an ancient robe
  3990 | D:10     | Noticed a hill giant
  4200 | D:9      | Reached * piety under Okawaru
  4200 | D:9      | Reached skill level 5 in Dodging
  4298 | D:9      | Found a staircase to the Orcish Mines.
  4304 | D:9      | Noticed a deep elf mage
  4344 | D:10     | Killed a hill giant
  4485 | D:11     | Reached skill level 1 in Invocations
  4563 | D:11     | Reached ** piety under Okawaru
  4650 | D:11     | Reached skill level 11 in Long Blades
  4829 | D:11     | You fall through a shaft for 3 floors!
  4859 | D:14     | Found a snail-covered altar of Cheibriados.
  4899 | D:14     | Noticed a cyclops
  4927 | D:14     | Killed a cyclops
  4927 | D:14     | Reached *** piety under Okawaru
  4927 | D:14     | Reached skill level 5 in Fighting
  4981 | D:14     | Reached XP level 11. HP: 50/55 MP: 14/14
  5077 | D:13     | Gained mutation: You have a pair of small horns on your head. [potion of beneficial mutation]
  5148 | D:12     | Received a gift from Okawaru
  5152 | D:12     | Noticed a cyclops
  5159 | D:12     | Noticed an eight-headed hydra
  5285 | D:12     | Killed a cyclops
  5460 | D:12     | Noticed Nergalle
  5480 | D:12     | Killed Nergalle
  5554 | D:12     | Found Wuamurche's Assorted Antiques.
  5562 | D:12     | Bought a scroll labeled OWOSHR AJIRASIF for 27 gold pieces
  5562 | D:12     | Bought a coppery potion for 24 gold pieces
  5625 | D:12     | Noticed Harold
  5659 | D:12     | Killed Harold
  5659 | D:12     | Reached **** piety under Okawaru
  5725 | D:12     | Noticed a tengu warrior
  5738 | D:12     | Killed a tengu warrior
  5791 | D:11     | LEIR PLIS
  5810 | D:11     | Got a fine longbow
  5833 | D:11     | Noticed a green ugly thing
  5909 | D:10     | Killed a hill giant
  6041 | D:9      | Found a staircase to the Lair.
  6047 | D:9      | pizdec
  6050 | Lair:1   | Entered Level 1 of the Lair of Beasts
  6081 | Lair:1   | Reached ***** piety under Okawaru
  6111 | Lair:1   | Reached skill level 5 in Invocations
  6273 | Lair:2   | Gained mutation: You regenerate. [Vine Stalker growth]
  6273 | Lair:2   | Reached XP level 12. HP: 46/62 MP: 12/16
  6277 | Lair:2   | Received a gift from Okawaru
  6583 | Lair:2   | Identified a scroll of acquirement
  6685 | Lair:3   | Reached skill level 12 in Long Blades
  6936 | Lair:4   | Noticed a death yak
  6950 | Lair:4   | Noticed a death yak
  6965 | Lair:4   | Killed a death yak
  6966 | Lair:4   | Noticed a death yak
  7264 | Lair:4   | Noticed a death yak
  7285 | Lair:4   | Killed a death yak
  7290 | Lair:4   | Killed a death yak
  7290 | Lair:4   | Reached skill level 13 in Long Blades
  7293 | Lair:4   | Killed a death yak
  7365 | Lair:4   | Found a dark tunnel.
  7372 | Volcano  | Entered a volcano
  7410 | Volcano  | Reached XP level 13. HP: 66/68 MP: 18/18
  7481 | Volcano  | Received a gift from Okawaru
  7597 | Lair:5   | Received a gift from Okawaru
  7700 | Lair:5   | Reached ****** piety under Okawaru
  7810 | Lair:5   | Reached skill level 14 in Long Blades
  7817 | Lair:5   | Received a gift from Okawaru
  7832 | Lair:5   | Identified the +5 longbow of Overwhelming Force {venom, rElec Int+6 Dex+3 SInv} (You found it on level 11 of the Dungeon)
  7896 | Lair:6   | Entered Level 6 of the Lair of Beasts
  8027 | Lair:6   | Noticed a dire elephant
  8048 | Lair:6   | Killed a dire elephant
  8187 | Lair:6   | Received a gift from Okawaru
  8194 | Lair:6   | Got a smoking ring mail {god gift}
  8243 | Lair:6   | Identified the +1 ring mail "Kerchy" {Str+7 Int+8 Dex-5} (Okawaru gifted it to you on level 6 of the Lair of Beasts)
  8341 | Lair:6   | Noticed Josephine
  8350 | Lair:6   | Killed Josephine
  8350 | Lair:6   | Reached skill level 10 in Fighting
  8350 | Lair:6   | Reached skill level 15 in Long Blades
  8370 | Lair:6   | Reached XP level 14. HP: 68/77 MP: 16/19
  8529 | Lair:6   | Found a staircase to the Slime Pits.
  8666 | Lair:6   | HP: 1/77 [drowned by a drowned soul[a merfolk avatar] (7)]
  8670 | Lair:6   | Drowned by a drowned soul

Vault maps used:
D:1:      onia_arrival_mini_maze_b
D:2:      lemuel_round_altar, dancing_weapons_uskayaw, lemuel_doored_altar,
          ashenzari_conservatory_becter, minmay_misc_feat_iff,
          kennysheep_nondescript, lemuel_flame_loot_1
D:3:      first_bread
D:4:      kennysheep_mini, uniq_grinder
D:5:      kennysheep_mini_moat, nicolae_overflow_crystal_walls, fedhas_altar_3
D:6:      xom_redecorated
D:7:      grunt_temple_overflow_holy_war, nicolae_overflow_hidden_temple,
          serial_shops, nicolae_shop_behind_doors, serial_corexii_hall,
          corexii_hall_statues_i, corexii_hall_statues_u, hex_intersection
D:8:      lemuel_round_altar, serial_glass, glass_columns_b, glass_columns_a,
          glass_columns_a, glass_columns_a, glass_columns_c, glass_columns_c,
          glass_columns_c, glass_columns_a, glass_columns_a, glass_columns_a,
          glass_columns_a, glass_columns_b, glass_columns_a, glass_columns_b,
          uniq_psyche, uniq_gastronok
D:9:      marbit_many_paths, lair_0_dummy, erik_orc_1, serial_ice, serial_ice_j,
          serial_ice_d, serial_ice_c, serial_ice_f
D:11:     grunt_tengu_nest
D:12:     serial_shops, shop, minmay_guarded_unrand_finisher, uniq_nergalle,
          uniq_harold
D:13:     nicolae_ashenzari_panopticon
D:14:     hangedman_vaults_entry_quadrant_bands, nicolae_dithmenos_the_darkroom,
          basic_altar, grunt_tough_drop, uniq_sonja
Temple:   corrupted_temple
Lair:1:   grunt_megastairs_4, lemuel_fruit_tree
Lair:2:   elwin_shoals_entry_rooms, special_room, minmay_stone_trees_medium
Lair:3:   beast_lair_carwin_large_1, minmay_snake_entry_guardpost_small,
          serial_bayou, serial_bayou_pond_c, serial_bayou_pond_b,
          serial_bayou_lagoon_a, serial_bayou_shore_a,
          grunt_forest_large_clearings
Lair:4:   enter_volcano_2, worms_lemuel
Lair:6:   gammafunk_lair_ancient_temple, dpeg_slime_entry_corner, uniq_josephine
Volcano:  volcano_pools

Skill      XL: |  1  2  3  4  5  6  7  8  9 10 11 12 13 |
---------------+----------------------------------------+-----
Long Blades    | 2 3 4 5 6 7 9 10 11 13 15 | 15.4
Armour         | 3 4 5 6 7 |  7.1
Dodging        | 3 4 5 7 |  7.2
Fighting       | 5 6 8 10 | 10.4
Invocations    | 2 5 |  5.6
Throwing       | |  1.0
Shields        | |  1.0

Action                   |  1- 3 |  4- 6 |  7- 9 | 10-12 | 13-15 || total
-------------------------+-------+-------+-------+-------+-------++-------
Melee: Falchion          |    67 |    55 |   405 |   327 |       ||   854
       Bite              |    15 |    15 |    99 |   220 |   130 ||   479
       Punch             |       |       |       |     6 |       ||     6
       Scimitar          |       |       |       |   192 |       ||   192
       Headbutt          |       |       |       |   101 |    89 ||   190
       Triple sword      |       |       |       |   126 |   364 ||   490
Throw: Javelin           |       |       |       |     1 |     1 ||     2
       Throwing net      |       |       |       |       |     1 ||     1
Invok: Heroism           |       |       |       |    27 |    10 ||    37
Evoke: Wand              |       |     6 |    15 |    13 |     5 ||    39
       Rod               |       |       |       |       |     1 ||     1
  Use: Scroll            |       |     2 |     9 |    16 |     8 ||    35
       Potion            |       |       |     1 |     4 |     1 ||     6
 Stab: Sleeping          |       |       |       |       |     1 ||     1
  Eat: Chunk             |       |     1 |     7 |     9 |     3 ||    20
       Fruit             |       |       |     2 |     9 |       ||    11
Armor: Robe              |    12 |       |       |       |       ||    12
       Ring mail         |     2 |    16 |   101 |   106 |    61 ||   286
       Scale mail        |       |       |       |       |    62 ||    62
Dodge: Dodged            |    31 |    25 |   188 |   301 |   307 ||   852
